 Dungeon Crawl Stone Soup version 0.17-a0-1-g1f4be75 (console) character file.

128 Fusha the Sneak (level 5, -2/28 HPs)
             Began as a Kobold Enchanter on Mar 15, 2015.
             Killed from afar by an orc wizard (11 damage)
             ... with a puff of frost
             ... on level 4 of the Dungeon.
             The game lasted 00:11:11 (2506 turns).

Fusha the Sneak (Kobold Enchanter)                  Turns: 2506, Time: 00:11:12

Health: -2/28      AC:  6    Str:  7    XL:     5   Next: 34%
Magic:  2/9        EV: 22    Int: 14    God:
Gold:   86         SH:  0    Dex: 21    Spells: 3 memorised, 4 levels left

rFire  . . .     SeeInvis .     a - +1 dagger
rCold  . . .     Clarity  .     b - +1 robe
rNeg   . . .     SustAb   .     (no shield)
rPois  +         Gourm    .     o - +0 helmet
rElec  .         Spirit   .     r - +0 cloak
rCorr  .         Warding  .     j - +0 pair of gloves
rMut   .         Stasis   .     (no boots)
MR     .....                    (no amulet)
Stlth  ++++......               (no ring)
                                s - ring of poison resistance

@: agile, bonded with blade, not resistant to hostile enchantments, stealthy
A: carnivore 3
a: no special abilities


You were on level 4 of the Dungeon.
You were full.

You visited 1 branch of the dungeon, and saw 4 of its levels.

You collected 86 gold pieces.

Inventory:

Hand weapons
 a - a +1 dagger (weapon)
Armour
 b - a +1 robe (worn)
 j - a +0 pair of gloves (worn)
 o - a +0 helmet (worn)
 r - a +0 cloak (worn)
Jewellery
 s - a ring of poison resistance (left hand)
Magical devices
 u - a wand of draining (2)
Scrolls
 e - 2 scrolls of teleportation {unknown}
 h - 4 scrolls of identify {unknown}
 k - a scroll of enchant armour {unknown}
 t - a scroll of enchant weapon {unknown}
Potions
 g - a potion of lignification {unknown}
Books
 c - a book of Maledictions

   Spells                             Type                      Level
   a - Corona                         Hexes                        1
   b - Sure Blade                     Hexes/Charms                 2
   c - Ensorcelled Hibernation        Hexes/Ice                    2
   d - Confuse                        Hexes                        3
   e - Dazzling Spray                 Conjuration/Hexes            3
   f - Enslavement                    Hexes                        4
 i - a book of Summonings

   Spells                             Type                      Level
   a - Abjuration                     Summoning                    3
   b - Recall                         Summoning/Translocation      3
   c - Shadow Creatures               Summoning                    5
   d - Summon Demon                   Summoning                    5
   e - Summon Forest                  Summoning/Translocation      5
   f - Monstrous Menagerie            Summoning                    6
Comestibles
 d - a meat ration
 l - a slice of pizza


   Skills:
 + Level 0.9 Fighting
 + Level 2.0 Short Blades
 + Level 3.9 Dodging
 + Level 4.6 Stealth
 + Level 2.7 Spellcasting
 + Level 3.7 Hexes
 + Level 0.4 Charms


You had 4 spell levels left.
You knew the following spells:

 Your Spells              Type           Power        Failure   Level  Hunger
a - Corona                Hex            ##.....      6%          1    #......
b - Sure Blade            Hex/Chrm       #.........   17%         2    ###....
c - Ensorcelled Hibernat  Hex/Ice        #.....       17%         2    ###....


Dungeon Overview and Level Annotations

Branches:
Dungeon (4/15)             Temple (0/1) D:4

Altars:
Fedhas
Kikubaaqudgha
Qazlal

Annotations:
D:3 fire ghost, Fusha's ghost, average SpFE


Innate Abilities, Weirdness & Mutations

You are small and have problems with some larger weapons.
You are carnivorous and can eat meat at any time.


Message History

It was a potion of restore abilities.
You feel refreshed. Something closely misses you.
Something hits you but does no damage.
Your magical contamination has completely faded away.
Drink which item? (? for menu, Esc to quit)
It was a potion of curing.
You feel better. Something closely misses you.
You hit something but do no damage. Something hits you but does no damage.
You closely miss something. Something misses you.
You barely miss something. Something hits you but does no damage.
You closely miss something. The bond with your blade fades away.
Something closely misses you.
Casting: Sure Blade
Confirm with . or Enter, or press ? or * to list all spells.
You become one with your weapon.
Something hits you but does no damage. Something barely misses you.
You hit something. Something closely misses you.
You hit something. Something hits you.
You hear some strange, mumbled words.
The puff of frost hits you!
You die...

#.........+
..#.........# .
#..#.........##+#..
##..###...........#
#$...%#...........#
+.....+...........+
#....#...........#
..##....##+#....#####
.......o{@.#....#
#.##.##.##......# ...
#......#
........######
.⌠...⌠..#.#
.......#.# .>... ..#
.$.. ### ⌠.


You could see an orc.

Vanquished Creatures
  Ijyb (D:2)
  Robin (D:2)
  A gnoll (D:1)
  2 adders (D:3)
  An adder skeleton (D:4)
  3 giant geckos
  An ooze (D:2)
  2 orcs
  9 bats
  7 giant cockroaches
  11 goblins
  6 hobgoblins
  5 jackals (D:2)
  A quokka (D:3)
  4 giant newts
  4 kobolds
  6 rats
65 creatures vanquished.

Vanquished Creatures (others)
  A worm (D:2)
  A rat (D:2)
2 creatures vanquished.

Grand Total: 67 creatures vanquished

Notes
Turn   | Place    | Note
--------------------------------------------------------------
     0 | D:1      | Fusha, the Kobold Enchanter, began the quest for the Orb.
     0 | D:1      | Reached XP level 1. HP: 10/10 MP: 3/3
   290 | D:1      | Reached XP level 2. HP: 15/15 MP: 4/4
   557 | D:1      | Learned a level 2 spell: Sure Blade
   560 | D:1      | Learned a level 2 spell: Ensorcelled Hibernation
   839 | D:1      | Reached XP level 3. HP: 19/19 MP: 0/6
  1184 | D:2      | Found an ancient bone altar of Kikubaaqudgha.
  1184 | D:2      | Found a blossoming altar of Fedhas.
  1580 | D:2      | Reached XP level 4. HP: 21/24 MP: 5/8
  1616 | D:2      | Noticed Ijyb
  1640 | D:2      | Killed Ijyb
  1977 | D:2      | Noticed Robin
  1996 | D:2      | Killed Robin
  2081 | D:2      | Found a stormy altar of Qazlal.
  2187 | D:3      | Reached XP level 5. HP: 19/28 MP: 9/9
  2205 | D:3      | Noticed Fusha's ghost (average SpFE)
  2447 | D:3      | You fall through a shaft!
  2459 | D:4      | Found a staircase to the Ecumenical Temple.
  2492 | D:4      | Gained mutation: You occasionally shout uncontrollably at your foes. [potion of mutation]
  2492 | D:4      | Gained mutation: You are partially covered in slimy green scales (AC +2). [potion of mutation]
  2492 | D:4      | Gained mutation: Your spells are a little harder to cast, but a little more powerful. [potion of mutation]
  2493 | D:4      | Lost mutation: Your spells are a little harder to cast, but a little more powerful. [potion of cure mutation]
  2493 | D:4      | Lost mutation: You occasionally shout uncontrollably at your foes. [potion of cure mutation]
  2493 | D:4      | Lost mutation: You are partially covered in slimy green scales (AC +2). [potion of cure mutation]
  2497 | D:4      | HP: 1/28 [something/magic dart (9)]
  2506 | D:4      | Killed from afar by an orc wizard

Action                   |  1- 3 |  4- 6 || total
-------------------------+-------+-------++-------
Melee: Dagger            |   134 |   173 ||   307
 Cast: Corona            |     2 |     1 ||     3
       Sure Blade        |     9 |    16 ||    25
       Ensorcelled Hiber |     1 |       ||     1
  Use: Potion            |       |     5 ||     5
 Stab: Sleeping          |     5 |     2 ||     7
  Eat: Chunk             |     9 |     4 ||    13
